 Dungeon Crawl Stone Soup version 0.26.0-10-g1f06aea511 (webtiles) character file.

Game seed: 3018633574758115567

37 sanka the Stinger (level 3, -1/26 HPs)
             Began as a Ghoul Venom Mage on Jan 20, 2021.
             Slain by a gnoll zombie (6 damage)
             ... on level 2 of the Dungeon.
             The game lasted 00:02:54 (1307 turns).

sanka the Stinger (Ghoul Venom Mage)                Turns: 1307, Time: 00:02:55

Health: -1/26      AC:  2    Str: 11    XL:     3   Next: 41%
Magic:  5/5        EV: 12    Int: 11    God:
Gold:   19         SH:  0    Dex:  9    Spells: 3/6 levels left

rFire    . . .     SeeInvis .   f - +0 short sword
rCold    + . .     Faith    .   (no shield)
rNeg     + + +     Spirit   .   a - +0 robe
rPois    ∞         Reflect  .   (no helmet)
rElec    .         Harm     .   (no cloak)
rCorr    .         Rampage  .   (no gloves)
Will     .....                  (no boots)
Stlth    ++........             (no amulet)
HPRegen  0.00/turn              (no ring)
MPRegen  0.09/turn              (no ring)

@: no status effects
A: claws 1, cold resistance 1, negative energy resistance 3, inhibited
regeneration, torment resistance, unbreathing
a: no special abilities


You were on level 2 of the Dungeon.
You visited 1 branch of the dungeon, and saw 2 of its levels.

You collected 19 gold pieces.


Innate Abilities, Weirdness & Mutations

You thrive by killing the living.
You are immune to poison.
You have sharp fingernails.
Your flesh is cold resistant. (rC+)
You are immune to negative energy. (rN+++)
You do not regenerate when monsters are visible.
You are immune to unholy pain and torment.
You can survive without breathing.


   Skills:
 - Level 1.7 Dodging
 - Level 2.1 Stealth
 - Level 2.0 Spellcasting
 - Level 1.0 Transmutations
 + Level 1.2 Air Magic
 + Level 3.8 Poison Magic


You had 3 spell levels left.
You knew the following spells:

 Your Spells              Type           Power        Failure   Level
x - Poisonous Vapours     Pois/Air       12%          16%         2
z - Sting                 Tmut/Pois      24%          11%         1

Your spell library contained the following spells:

 Spells                   Type           Power        Failure   Level
 Ignite Poison            Fire/Tmut/Pois 4%           41%         3
 Mephitic Cloud           Conj/Pois/Air  4%           41%         3
 Olgreb's Toxic Radiance  Pois           9%           52%         4

Inventory:

Hand Weapons
 f - a +0 short sword (weapon)
Armour
 a - a +0 robe (worn)
Scrolls
 b - 2 scrolls of remove curse {unknown}
 d - a scroll of amnesia {unknown}
 e - a scroll of teleportation {unknown}
 g - 4 scrolls of identify {unknown}
 h - a scroll of random uselessness {unknown}
Potions
 c - a potion of invisibility {unknown}

Dungeon Overview and Level Annotations

Branches:
Dungeon (2/15)

Altars:
Nemelex Xobeh

▒▒....▒▒▒.▒.▒
▒▒▒▒▒.▒....▒
▒▒.▒.▒.▒▒
▒▒▒+▒..▒ ▒▒.▒
▒.▒ ▒.▒
▒▒▒.▒▒▒
▒.n...▒
▒ZZ...▒
▒.....▒
▒.....▒
▒.....▒
▒.....▒
▒.....▒
▒.....▒


You could see 2 gnoll zombies.


Message History

You kill the hobgoblin!
No target in view!
You start resting.
Magic restored.
Things that are here:
a +0 club; a hobgoblin corpse
Found a sparkling altar of Nemelex Xobeh. 2 zombies come into view.
The helpless gnoll zombie fails to defend itself.
You hit the gnoll zombie.
The gnoll zombie is moderately damaged.
The gnoll zombie closely misses you.
You hit the gnoll zombie but do no damage.
The gnoll zombie is moderately damaged.
The gnoll zombie hits you.
You barely miss the gnoll zombie.
The gnoll zombie is moderately damaged.
The gnoll zombie hits you!
You hit the gnoll zombie.
The gnoll zombie is heavily damaged.
The gnoll zombie hits you.
* * * LOW HITPOINT WARNING * * *
The gnoll zombie hits you.
* * * LOW HITPOINT WARNING * * *
You hit the gnoll zombie.
The gnoll zombie is almost destroyed.
The gnoll zombie hits you.
* * * LOW HITPOINT WARNING * * *
The gnoll zombie hits you.
You die...

Action                   || total
-------------------------++-------
Melee: Unarmed           ||     5
       Short sword       ||    42
 Cast: Sting             ||    30
 Stab: Sleeping          ||     1
Armor: Robe              ||     7
Dodge: Dodged            ||    40

Levels and vault maps discovered:
D:1:      dpeg_arrival_water_temple_mockup, layout_basic
D:2:      layout_loops_corners, grunt_gozag_statues,
          lemuel_zombie_altar_yredelemnul, nemelex_xobeh_ov_fountains_minmay,
          uniq_terence

Notes
Turn   | Place    | Note
-------+----------+-------------------------------------------
     0 | D:1      | sanka the Ghoul Venom Mage began the quest for the Orb.
     0 | D:1      | Reached XP level 1. HP: 14/14 MP: 2/2
    64 | D:1      | Reached skill level 2 in Spellcasting
    64 | D:1      | Reached skill level 1 in Transmutations
   164 | D:1      | Reached XP level 2. HP: 20/20 MP: 0/4
   209 | D:1      | Learned a level 2 spell: Poisonous Vapours
   773 | D:1      | Reached XP level 3. HP: 26/26 MP: 3/5
   932 | D:1      | Reached skill level 1 in Air Magic
  1278 | D:2      | Found a sparkling altar of Nemelex Xobeh.
  1307 | D:2      | Slain by a gnoll zombie

Vanquished Creatures
  An adder (D:2)
  An ooze (D:1)
  A leopard gecko (D:1)
  2 giant cockroaches (D:1)
  4 hobgoblins
  3 jackals (D:1)
  3 bats (D:1)
  2 frilled lizards (D:1)
  A goblin (D:1)
  2 kobolds (D:1)
  3 rats (D:1)
23 creatures vanquished.

Table legend: (Time is in decaauts)
 A = Elapsed time spent in this place.
 B = Non-inter-level travel time spent in this place.
 C = Inter-level travel time spent in this place.
 D = Time resting spent in this place.
 E = Time spent auto-exploring this place.
 F = Levels seen in this place.
 G = Mean time per level.
                   A        B        C        D        E       F      G
               +--------+--------+--------+--------+--------+-----+--------+
         Total |   1310 |   1302 |      8 |    469 |    635 |   2 |  655.0 |
       Dungeon |   1310 |   1302 |      8 |    469 |    635 |   2 |  655.0 |
               +--------+--------+--------+--------+--------+-----+--------+

Top non-repeatable levels by time:
     D:1: 1021 daAuts
     D:2: 288 daAuts
